[ AOE2 MATCH · #505223868 ]
UnrankedKhmer vs Khmer
Player's team · LOSS
Rival team · WIN
[ REPLAY ANALYSIS · EXTRACTED FROM THE RECORDED GAME ]
Feudal
10:31
Castle
13:44
Imperial
—
| APM avg | 71.1 |
| APM peak | 123 |
| eAPM avg | 41.8 |
| Villagers / military | 30 / 57 |
Focus
⚔️ 53.2% · 🌾 46.8%
Scorpion ×50 · Battering Ram ×6 · Monk ×1
Feudal
8:54
Castle
23:22
Imperial
—
| APM avg | 42.3 |
| APM peak | 91 |
| eAPM avg | 20.6 |
| Villagers / military | 38 / 27 |
Focus
⚔️ 51.7% · 🌾 48.3%
Scout Cavalry ×19 · Archer ×4 · Mangonel ×2 · Scorpion ×2
Match map
Initial resources + every placement click. Lines = walls · curves = elevation contours. ◆ gold · ⬟ stone · ● berries · ✦ relic · ◌ wall gap
Your base· Open — unwalled flank
DaddySt4rk's base· Open — unwalled flank
Smoothed initial terrain · ◌ = detected wall gap · hover for details
Inputs per minute
— Oni.TheViper - - DaddySt4rk
Build order — Oni.TheViper
150 actions detected in the replay
| 0:00 | Create | Villager (Male) |
| 0:00 | Create | Villager (Male) |
| 0:02 | Build | House |
| 0:03 | Build | House |
| 0:09 | Create | Villager (Male) |
| 0:26 | Create | Villager (Male) |
| 1:24 | Create | Villager (Male) |
| 1:46 | Create | Villager (Male) |
| 1:46 | Create | Villager (Male) |
| 2:06 | Create | Villager (Male) |
| 2:35 | Build | Lumber Camp |
| 2:50 | Create | Villager (Male) |
| 3:17 | Create | Villager (Male) |
| 3:18 | Create | Villager (Male) |
| 3:19 | Create | Villager (Male) |
| 3:42 | Create | Villager (Male) |
| 3:49 | Build | House |
| 4:04 | Create | Villager (Male) |
| 4:28 | Create | Villager (Male) |
| 5:03 | Build | Mill |
| 5:44 | Create | Villager (Male) |
| 5:57 | Create | Villager (Male) |
| 6:07 | Build | House |
| 6:36 | Create | Villager (Male) |
| 6:49 | Build | House |
| 7:02 | Create | Villager (Male) |
| 7:07 | Build | House |
| 7:19 | Build | Mining Camp |
| 7:22 | Create | Villager (Male) |
| 7:22 | Research | Loom |
| 8:08 | Build | Palisade Gate |
| 8:13 | Build | Palisade Wall |
| 8:21 | Research | Feudal Age |
| 8:44 | Build | Farm |
| 9:03 | Build | Farm |
| 9:25 | Build | Farm |
| 9:26 | Build | Farm |
| 10:21 | Build | Palisade Wall |
| 10:24 | Build | Palisade Wall |
| 10:31 | Age | Feudal Age |
| 11:04 | Research | Castle Age |
| 11:20 | Build | Palisade Wall |
| 12:38 | Research | Double-Bit Axe |
| 13:32 | Create | Villager (Male) |
| 13:44 | Age | Castle Age |
| 13:47 | Build | Siege Workshop |
| 13:48 | Create | Villager (Male) |
| 13:49 | Build | Siege Workshop |
| 14:14 | Create | Villager (Male) |
| 14:23 | Create | Scorpion |
| 14:26 | Create | Villager (Male) |
| 14:30 | Create | Battering Ram |
| 14:53 | Create | Scorpion |
| 14:56 | Create | Battering Ram |
| 14:57 | Create | Battering Ram |
| 15:05 | Build | House |
| 15:06 | Create | Villager (Male) |
| 15:11 | Build | House |
| 15:20 | Create | Scorpion |
| 15:22 | Build | House |
| 15:24 | Build | House |
| 15:46 | Create | Scorpion |
| 15:54 | Create | Scorpion |
| 15:58 | Create | Villager (Male) |
| 16:22 | Build | Siege Workshop |
| 16:43 | Create | Scorpion |
| 16:59 | Create | Scorpion |
| 17:04 | Create | Scorpion |
| 17:15 | Create | Scorpion |
| 17:18 | Build | House |
| 17:36 | Build | Palisade Gate |
| 17:49 | Create | Scorpion |
| 17:49 | Create | Scorpion |
| 17:51 | Create | Villager (Male) |
| 17:56 | Build | Palisade Gate |
| 17:59 | Build | Stone Wall |
| 18:01 | Build | Palisade Wall |
| 18:09 | Create | Scorpion |
| 18:19 | Create | Scorpion |
| 18:19 | Create | Scorpion |
| 18:28 | Build | Farm |
| 18:36 | Create | Scorpion |
| 18:36 | Create | Scorpion |
| 18:39 | Create | Villager (Male) |
| 18:44 | Build | House |
| 18:53 | Build | House |
| 19:01 | Create | Scorpion |
| 19:01 | Create | Scorpion |
| 19:17 | Create | Scorpion |
| 19:17 | Create | Scorpion |
| 19:28 | Create | Scorpion |
| 19:29 | Create | Scorpion |
| 19:48 | Create | Scorpion |
| 20:05 | Create | Scorpion |
| 20:06 | Create | Scorpion |
| 20:08 | Create | Scorpion |
| 20:08 | Create | Scorpion |
| 20:27 | Build | House |
| 20:28 | Build | House |
| 20:29 | Build | House |
| 20:32 | Create | Villager (Male) |
| 20:50 | Create | Scorpion |
| 20:50 | Create | Scorpion |
| 21:03 | Build | Palisade Gate |
| 21:12 | Create | Scorpion |
| 21:12 | Create | Scorpion |
| 21:22 | Build | Palisade Wall |
| 21:27 | Build | House |
| 21:40 | Build | Palisade Wall |
| 21:42 | Create | Scorpion |
| 21:42 | Create | Scorpion |
| 22:23 | Create | Battering Ram |
| 22:24 | Create | Battering Ram |
| 22:55 | Create | Battering Ram |
| 22:57 | Create | Villager (Male) |
| 23:13 | Create | Scorpion |
| 23:14 | Create | Scorpion |
| 23:26 | Create | Scorpion |
| 23:39 | Create | Scorpion |
| 23:39 | Create | Scorpion |
| 24:08 | Create | Scorpion |
| 24:08 | Create | Scorpion |
| 24:36 | Build | University |
| 24:38 | Build | Monastery |
| 24:50 | Create | Scorpion |
| 24:50 | Create | Scorpion |
| 25:13 | Create | Scorpion |
| 25:14 | Create | Scorpion |
| 25:15 | Create | Monk |
| 25:16 | Build | House |
| 25:49 | Create | Scorpion |
| 25:51 | Create | Scorpion |
| 26:30 | Build | Lumber Camp |
| 26:34 | Build | Market |
| 27:58 | Create | Scorpion |
| 27:58 | Create | Scorpion |
| 29:06 | Create | Scorpion |
| 29:07 | Build | University |
| 29:14 | Build | House |
| 29:15 | Build | House |
| 29:59 | Build | Town Center |
| 30:05 | Build | Palisade Wall |
| 30:06 | Build | Palisade Wall |
| 30:08 | Build | Palisade Wall |
| 30:08 | Build | Palisade Wall |
| 30:10 | Build | Palisade Wall |
| 30:12 | Build | Palisade Wall |
| 30:51 | Build | Palisade Wall |
| 30:51 | Build | Palisade Wall |
| 31:04 | Create | Scorpion |
Build order — DaddySt4rk
First 150 of 157 actions detected
| 0:02 | Create | Villager (Male) ×4 |
| 0:04 | Build | House |
| 0:06 | Build | House |
| 1:33 | Create | Villager (Male) |
| 2:04 | Create | Villager (Male) |
| 2:20 | Create | Villager (Male) |
| 2:46 | Build | Lumber Camp |
| 2:54 | Create | Villager (Male) |
| 2:55 | Create | Villager (Male) |
| 3:31 | Build | House |
| 3:38 | Create | Villager (Male) |
| 3:42 | Create | Villager (Male) |
| 4:22 | Create | Villager (Male) |
| 4:44 | Create | Villager (Male) |
| 5:10 | Build | Mill |
| 5:19 | Create | Villager (Male) |
| 5:39 | Create | Villager (Male) |
| 6:06 | Research | Loom |
| 6:44 | Research | Feudal Age |
| 7:08 | Build | House |
| 7:14 | Build | House |
| 7:19 | Create | Villager (Male) |
| 7:49 | Build | Palisade Wall |
| 7:51 | Build | Palisade Wall |
| 7:53 | Build | Palisade Wall |
| 7:55 | Build | Palisade Wall |
| 8:40 | Build | Palisade Wall |
| 8:43 | Build | Palisade Wall |
| 8:54 | Age | Feudal Age |
| 8:57 | Build | Stable |
| 9:01 | Build | House |
| 9:10 | Create | Villager (Male) |
| 9:14 | Research | Double-Bit Axe |
| 9:15 | Research | Horse Collar |
| 9:18 | Build | Farm |
| 9:21 | Build | Farm |
| 9:36 | Create | Villager (Male) |
| 9:40 | Create | Scout Cavalry |
| 9:40 | Create | Scout Cavalry |
| 9:43 | Build | Farm |
| 10:07 | Create | Villager (Male) |
| 10:19 | Create | Villager (Male) |
| 10:20 | Create | Scout Cavalry |
| 10:39 | Build | Farm |
| 10:42 | Build | Farm |
| 10:43 | Create | Villager (Male) |
| 11:03 | Create | Villager (Male) |
| 11:13 | Create | Scout Cavalry |
| 11:18 | Build | Archery Range |
| 11:41 | Create | Villager (Male) |
| 11:43 | Create | Scout Cavalry |
| 11:52 | Build | Palisade Wall |
| 11:54 | Build | Palisade Wall |
| 11:55 | Create | Archer |
| 11:56 | Build | House |
| 12:15 | Build | Mining Camp |
| 12:25 | Create | Villager (Male) |
| 12:26 | Create | Scout Cavalry |
| 12:36 | Build | Farm |
| 12:48 | Create | Scout Cavalry |
| 13:20 | Create | Scout Cavalry |
| 13:20 | Create | Villager (Male) |
| 13:23 | Build | House |
| 13:24 | Build | House |
| 13:27 | Build | Farm |
| 13:28 | Build | Farm |
| 13:29 | Build | Farm |
| 13:30 | Create | Villager (Male) |
| 13:41 | Create | Archer |
| 13:53 | Build | Farm |
| 13:59 | Build | House |
| 14:07 | Create | Scout Cavalry |
| 14:11 | Create | Archer |
| 14:26 | Create | Villager (Male) |
| 14:28 | Build | Farm |
| 14:29 | Create | Villager (Male) |
| 14:51 | Create | Villager (Male) |
| 14:52 | Create | Scout Cavalry |
| 15:11 | Build | Blacksmith |
| 15:29 | Create | Archer |
| 15:34 | Create | Villager (Male) |
| 15:36 | Build | Farm |
| 15:59 | Research | Scale Barding Armor |
| 16:03 | Create | Villager (Male) |
| 16:07 | Build | Stable |
| 16:10 | Build | House |
| 16:11 | Build | House |
| 16:13 | Build | House |
| 16:31 | Build | Watch Tower |
| 16:36 | Create | Villager (Male) |
| 16:41 | Research | Bloodlines |
| 16:55 | Create | Villager (Male) |
| 16:58 | Build | Lumber Camp |
| 17:05 | Build | House |
| 17:32 | Create | Villager (Male) |
| 17:48 | Create | Villager (Male) |
| 17:50 | Build | Farm |
| 18:30 | Research | Wheelbarrow |
| 18:39 | Build | Farm |
| 18:43 | Build | Farm |
| 18:45 | Build | Farm |
| 18:47 | Build | Farm |
| 18:51 | Build | Farm |
| 18:55 | Build | Farm |
| 18:57 | Build | Farm |
| 19:18 | Build | Farm |
| 19:19 | Build | Farm |
| 19:21 | Build | Farm |
| 19:46 | Research | Town Watch |
| 19:53 | Build | Blacksmith |
| 19:55 | Build | House |
| 19:59 | Build | House |
| 20:04 | Build | Outpost |
| 20:17 | Create | Villager (Male) |
| 20:38 | Research | Castle Age |
| 20:41 | Build | Stable |
| 20:50 | Build | House |
| 20:52 | Build | House |
| 20:54 | Create | Scout Cavalry |
| 21:31 | Research | Forging |
| 21:38 | Create | Scout Cavalry |
| 21:39 | Create | Scout Cavalry |
| 21:44 | Build | Stable |
| 21:59 | Create | Scout Cavalry |
| 21:59 | Create | Scout Cavalry |
| 22:54 | Build | Mining Camp |
| 22:56 | Build | Market |
| 23:10 | Create | Scout Cavalry |
| 23:14 | Create | Scout Cavalry |
| 23:22 | Age | Castle Age |
| 23:25 | Build | Siege Workshop |
| 23:27 | Create | Villager (Male) |
| 23:29 | Build | Siege Workshop |
| 23:32 | Research | Bow Saw |
| 23:52 | Create | Mangonel |
| 23:55 | Create | Scout Cavalry |
| 23:56 | Create | Scout Cavalry |
| 24:17 | Create | Scorpion |
| 24:24 | Build | Palisade Gate |
| 24:57 | Build | Town Center |
| 25:20 | Build | Palisade Wall |
| 25:26 | Research | Light Cavalry (upgrade) |
| 25:26 | Research | Light Cavalry (upgrade) |
| 25:47 | Build | Siege Workshop |
| 25:50 | Build | Siege Workshop |
| 26:40 | Build | Lumber Camp |
| 26:52 | Create | Mangonel |
| 27:15 | Create | Villager (Male) |
| 27:21 | Build | Outpost |
| 28:01 | Build | Mining Camp |
Match timeline
| 7:49 | DaddySt4rk · wall_segment Palisade Wall x1 |
| 7:51 | DaddySt4rk · wall_segment Palisade Wall x1 |
| 7:53 | DaddySt4rk · wall_segment Palisade Wall x1 |
| 7:55 | DaddySt4rk · wall_segment Palisade Wall x1 |
| 8:13 | Oni.TheViper · wall_segment Palisade Wall x1 |
| 8:40 | DaddySt4rk · wall_segment Palisade Wall x1 |
| 8:43 | DaddySt4rk · wall_segment Palisade Wall x1 |
| 8:54 | DaddySt4rk · age_up feudal |
| 8:57 | DaddySt4rk · first_building Stable |
| 10:21 | Oni.TheViper · wall_segment Palisade Wall x1 |
| 10:24 | Oni.TheViper · wall_segment Palisade Wall x3 |
| 10:31 | Oni.TheViper · age_up feudal |
| 11:18 | DaddySt4rk · first_building Archery Range |
| 11:20 | Oni.TheViper · wall_segment Palisade Wall x2 |
| 11:52 | DaddySt4rk · wall_segment Palisade Wall x3 |
| 11:54 | DaddySt4rk · wall_segment Palisade Wall x1 |
| 13:44 | Oni.TheViper · age_up castle |
| 13:47 | Oni.TheViper · first_building Siege Workshop |
| 17:59 | Oni.TheViper · wall_segment Stone Wall x1 |
| 18:01 | Oni.TheViper · wall_segment Palisade Wall x1 |
| 21:22 | Oni.TheViper · wall_segment Palisade Wall x1 |
| 21:40 | Oni.TheViper · wall_segment Palisade Wall x1 |
| 23:22 | DaddySt4rk · age_up castle |
| 23:25 | DaddySt4rk · first_building Siege Workshop |
| 24:38 | Oni.TheViper · first_building Monastery |
| 25:20 | DaddySt4rk · wall_segment Palisade Wall x1 |
| 26:25 | DaddySt4rk · first_market_sell 100 stone |
| 27:38 | Oni.TheViper · first_market_sell 100 stone |
| 27:39 | Oni.TheViper · first_market_buy 100 wood |
| 28:08 | DaddySt4rk · wall_segment Palisade Wall x1 |
| 29:54 | DaddySt4rk · first_market_buy 500 stone |
| 30:05 | Oni.TheViper · wall_segment Palisade Wall x1 |
| 30:06 | DaddySt4rk · first_building Castle |
| 30:06 | Oni.TheViper · wall_segment Palisade Wall x1 |
| 30:08 | Oni.TheViper · wall_segment Palisade Wall x1 |
| 30:08 | Oni.TheViper · wall_segment Palisade Wall x1 |
| 30:10 | Oni.TheViper · wall_segment Palisade Wall x1 |
| 30:12 | Oni.TheViper · wall_segment Palisade Wall x3 |
| 30:51 | Oni.TheViper · wall_segment Palisade Wall x1 |
| 30:51 | Oni.TheViper · wall_segment Palisade Wall x1 |
| 31:34 | Oni.TheViper · resign |
[ AI ANALYSIS · 1 CREDIT ]
What really happened in this match?
Wolo.gg analyzes every decision: build order, eco, micro, common mistakes by bracket. Personalized analysis on WhatsApp or Discord in 30 seconds.
Civ guide
Khmer
Perfil
Jugador #196240